 Dungeon Crawl Stone Soup version 0.30-a0-359-gd0147acb1a (webtiles) character file.

Game seed: 11374573985919121265

495646 purpskrrrp the Wrestler (level 23, -2/241 HPs)
             Began as a Troll Warper on Nov 11, 2022.
             Was an Elder of Cheibriados.
             Slain by an azure jelly (9 damage)
             ... while paralysed by a great orb of eyes
             ... on level 1 of the Pits of Slime on Nov 12, 2022.
             The game lasted 04:01:48 (55349 turns).

purpskrrrp the Wrestler (Troll Warper)             Turns: 55349, Time: 04:01:49

Health: -2/241     AC: 32    Str: 53    XL:     23   Next: 95%
Magic:  21/26      EV:  1    Int: 21    God:    Cheibriados [****..]
Gold:   3807       SH:  0    Dex: 19    Spells: 14/24 levels left

rFire   + + .      SeeInvis .      - Unarmed
rCold   + . .      Faith    .    h - +9 tower shield of Eternal Vigilance {rElec}
rNeg    . . .      Spirit   .    k - +7 gold dragon scales
rPois   +          Reflect  +    K - +2 hat
rElec   +          Harm     .    J - scarf {repulsion}
rCorr   .          Rampage  .    (gloves unavailable)
Will    +....                    (boots unavailable)
Stlth   ..........               B - amulet of reflection
HPRegen 1.40/turn                e - +6 ring of strength
MPRegen 0.20/turn                F - +6 ring of strength

@: confused, paralysed, engulfed (cannot breathe), studying Shields, repel
missiles, very slow
A: large, unfitting armour, claws 3, regeneration 1, shaggy fur 1, tough skin 1,
hooves 1, large bone plates 1, deterioration 1, fire resistance 1
}: 2/15 runes: decaying, gossamer
a: Renounce Religion, Bend Time, Temporal Distortion, Slouch


You were on level 1 of the Pits of Slime.
You worshipped Cheibriados.
Cheibriados was greatly pleased with you.
You visited 9 branches of the dungeon, and saw 43 of its levels.
You visited the Abyss 3 times.
You also visited: Ice Cave and Wizlab.

You collected 5340 gold pieces.
You spent 1533 gold pieces at shops.

Inventory:

Hand Weapons
 M - the +8 quarterstaff "Hurud" {holy, MP+9}
   (You found it on level 3 of the Swamp)

   It has been blessed by the Shining One to cause great damage to the undead
   and demons.
   MP:        It affects your magic capacity (+9).
Missiles
 c - 9 boomerangs of dispersal
 l - 7 silver javelins
 w - 6 throwing nets
Armour
 a - +0 ice dragon scales
 h - the +9 tower shield of Eternal Vigilance (worn) {rElec}
   (You acquired it on level 3 of the Elven Halls)

   rElec:     It insulates you from electricity.
 k - +7 gold dragon scales (worn)
 p - a +2 cloak of preservation
 J - a scarf of repulsion (worn)
 K - a +2 hat (worn)
 W - +0 fire dragon scales
 Y - quicksilver dragon scales
Jewellery
 d - the amulet "Duxes" {RegenMP rPois Int-5 Dex+4}
   (You took it off a deep elf death mage on level 3 of the Elven Halls)

   [amulet of magic regeneration]

   It increases your rate of magic regeneration.
   Int:       It affects your intelligence (-5).
   Dex:       It affects your dexterity (+4).
   rPois:     It protects you from poison.
 e - a +6 ring of strength (left claw)
 g - a ring of willpower
 m - a ring of see invisible
 r - an amulet of faith
 t - a ring of ice
 u - an amulet of the acrobat
 A - an amulet of guardian spirit
 B - an amulet of reflection (around neck)
 F - a +6 ring of strength (right claw)
 Q - an amulet of regeneration
 V - a ring of positive energy
 X - the ring "Japs" {Wiz +Blink rN+ Str+2 Dex-3}
   (You took it off an orc sorcerer on level 2 of the Elven Halls)

   [ring of wizardry]

   It improves your spell success rate.
   Str:       It affects your strength (+2).
   Dex:       It affects your dexterity (-3).
   rN:        It protects you from negative energy.
   +Blink:    It lets you blink.
Wands
 E - a wand of roots (44)
 R - a wand of acid (14)
 T - a wand of digging (16)
Scrolls
 b - 6 scrolls of enchant weapon
 i - 8 scrolls of poison
 o - 6 scrolls of brand weapon
 q - a scroll of magic mapping
 C - 2 scrolls of amnesia
 G - 2 scrolls of blinking
 H - 11 scrolls of teleportation
 U - 5 scrolls of butterflies
Potions
 f - 3 potions of resistance
 j - a potion of invisibility
 n - 2 potions of brilliance
 s - 16 potions of curing
 v - 17 potions of flight
 z - 4 potions of mutation
 I - 7 potions of ambrosia
 N - a potion of cancellation


   Skills:
 * Level 16.9 Fighting
 - Level 4.2 Maces & Flails
 - Level 0.8 Throwing
 + Level 16.8 Armour
 - Level 5.5 Dodging
 * Level 21.4 Shields
 + Level 25.0 Unarmed Combat
 - Level 1.2 Spellcasting
 - Level 2.5 Translocations
 - Level 6.6 Invocations


You had 14 spell levels left.
You knew the following spells:

 Your Spells              Type           Power      Damage    Failure   Level
a - Manifold Assault      Tloc           12%        N/A       99%         4
b - Statue Form           Tmut/Erth      0%         N/A       100%        6

Your spell library contained the following spells:

 Spells                   Type           Power      Damage    Failure   Level
 Apportation              Tloc           24%        N/A       38%         1
 Blink                    Tloc           24%        N/A       52%         2
 Momentum Strike          Conj/Tloc      12%        3d8       71%         2
 Beastly Appendage        Tmut           2%         N/A       75%         1
 Kiss of Death            Conj/Necr      4%         2d5       75%         1
 Necrotise                Necr           4%         1d4       75%         1
 Sandblast                Erth           2%         2d4       75%         1
 Sting                    Tmut/Pois      4%         1d3       75%         1
 Summon Small Mammal      Summ           4%         N/A       75%         1
 Gell's Gravitas          Tloc           12%        N/A       77%         3
 Lesser Beckoning         Tloc           24%        N/A       77%         3
 Teleport Other           Tloc           12%        N/A       77%         3
 Call Imp                 Summ           1%         N/A       87%         2
 Passwall                 Tmut/Erth      0%         N/A       87%         2
 Wereblood                Tmut           1%         N/A       87%         2
 Portal Projectile        Hex/Tloc       12%        N/A       90%         3
 Vhi's Electric Charge    Tloc/Air       12%        N/A       90%         3
 Kindle Blastsparks       Fire/Tloc/Air  8%         2d10      94%         3
 Call Canine Familiar     Summ           1%         N/A       98%         3
 Confusing Touch          Hex            1%         N/A       98%         3
 Ignite Poison            Fire/Tmut/Pois 1%         N/A       98%         3
 Inner Flame              Hex/Fire       1%         N/A       98%         3
 Mephitic Cloud           Conj/Pois/Air  1%         N/A       98%         3
 Spider Form              Tmut/Pois      1%         N/A       98%         3
 Stone Arrow              Conj/Erth      2%         3d7       98%         3
 Summon Guardian Golem    Hex/Summ       1%         N/A       98%         3
 Tukima's Dance           Hex            1%         N/A       98%         3
 Vampiric Draining        Necr           1%         2d6       98%         3
 Anguish                  Hex/Necr       0%         N/A       100%        4
 Animate Armour           Summ/Erth      2%         N/A       100%        4
 Animate Dead             Necr           1%         N/A       100%        4
 Cause Fear               Hex            0%         N/A       100%        4
 Dispel Undead            Necr           1%         3d6       100%        4
 Flame Wave               Conj/Fire      1%         2d4       100%        4
 Fulminant Prism          Conj/Hex       0%         3d5       100%        4
 Iskenderun's Mystic Bla  Conj/Tloc      6%         2d4       100%        4
 Leda's Liquefaction      Hex/Erth       0%         N/A       100%        4
 Petrify                  Tmut/Erth      1%         N/A       100%        4
 Sticky Flame             Conj/Fire      1%         2d3       100%        4
 Summon Ice Beast         Ice/Summ       1%         N/A       100%        4
 Summon Lightning Spire   Summ/Air       1%         N/A       100%        4
 Agony                    Necr           1%         N/A       100%        5
 Alistair's Intoxication  Tmut/Pois      0%         N/A       100%        5
 Blade Hands              Tmut           0%         N/A       100%        5
 Borgnjor's Vile Clutch   Necr/Erth      0%         N/A       100%        5
 Freezing Cloud           Conj/Ice/Air   0%         6-21      100%        5
 Iskenderun's Battlesphe  Conj           1%         2d6       100%        5
 Lee's Rapid Deconstruct  Erth           0%         3d4*      100%        5
 Lightning Bolt           Conj/Air       0%         1d11      100%        5
 Metabolic Englaciation   Hex/Ice        0%         N/A       100%        5
 Yara's Violent Unravell  Hex/Tmut       0%         3d3       100%        5
 Conjure Ball Lightning   Conj/Air       0%         3x3d6     100%        6
 Death Channel            Necr           0%         N/A       100%        6
 Iron Shot                Conj/Erth      0%         9d1       100%        6
 Starburst                Conj/Fire      0%         6d3       100%        6
 Dragon Form              Tmut           0%         N/A       100%        7
 Enfeeble                 Hex            0%         N/A       100%        7
 Orb of Destruction       Conj           0%         9d5       100%        7
 Spellforged Servitor     Conj/Summ      0%         N/A       100%        7
 Storm Form               Tmut/Air       0%         N/A       100%        7
 Discord                  Hex            0%         N/A       100%        8
 Disjunction              Tloc           6%         N/A       100%        8
 Ignition                 Fire           0%         3d3       100%        8
 Maxwell's Capacitive Co  Air            0%         ∞         100%        8
 Chain Lightning          Conj/Air       0%         2d1       100%        9
 Dragon's Call            Summ           0%         N/A       100%        9
 Fire Storm               Conj/Fire      0%         6d1       100%        9


Dungeon Overview and Level Annotations

Branches:
Dungeon (15/15)            Temple (0/1) D:5            Lair (5/5) D:8
  Swamp (4/4) Lair:2       Spider (4/4) Lair:2        Slime (1/5) Lair:5
    Orc (2/2) D:12            Elf (3/3) Orc:2        Vaults (5/5) D:14
  Crypt (0/3) Vaults:2     Depths (4/4) D:15            Zot (0/5) Depths:4
  IceCv (visited)          WizLab (visited)

Altars:
Ashenzari
Cheibriados
Dithmenos
Elyvilon
Fedhas
Kikubaaqudgha
Nemelex Xobeh
Okawaru
Sif Muna
Uskayaw
Vehumet
Xom
Yredelemnul
Zin
The Shining One
Jiyva
Lugonu

Shops:
D:6 [   D:9 =   Orc:1 ?(*   Orc:2 ?(:=(   Vaults:4 :?(

Portals:
Hell: Depths:1 Depths:2 Depths:3 Depths:4
Abyss: Depths:3
Pandemonium: Depths:2 Depths:3
Ziggurat: Depths:2
Trove: D:11 (give 8 potions of haste)

Annotations:
Depths:2 1 runed translucent door


Innate Abilities, Weirdness & Mutations

You are too large for most types of armour.
You have claws for hands.
Your natural rate of healing is unusually fast.
You are covered in fur. (AC +1)
You have tough skin. (AC +1)
You have large cloven feet.
You are partially covered in large bone plates. (SH +4)
Your body sometimes deteriorates upon taking damage.
Your flesh is heat resistant. (rF+)


Message History

The quicksilver ooze hits you.
The quicksilver ooze hits you but does no damage.
The golden eye blinks at you. You resist with some effort.
The golden eye blinks at you. You resist with almost no effort.
The azure jelly hits you but does no damage. x2
The azure jelly hits you. The azure jelly completely misses you.
The rockslime hits you!!
You hold your ground!
The azure jelly hits you but does no damage. x2
The azure jelly hits you.
The azure jelly hits you but does no damage.
The quicksilver ooze hits you.
The quicksilver ooze hits you but does no damage.
The great orb of eyes bites you. The great orb of eyes gazes at you.
You easily resist.
You are splashed with acid!
* * * LOW HITPOINT WARNING * * *
x2 Your lungs strain for air!
The quicksilver ooze hits you. The quicksilver ooze hits you!
* * * LOW HITPOINT WARNING * * *
You feel your power leaking away. The golden eye blinks at you.
You resist with almost no effort.
The azure jelly jiggles.
The azure jelly hits you but does no damage.
The azure jelly hits you.
* * * LOW HITPOINT WARNING * * *
The azure jelly freezes you! You resist.
* * * LOW HITPOINT WARNING * * *
The azure jelly hits you.
* * * LOW HITPOINT WARNING * * *
The azure jelly hits you but does no damage.
The rockslime hits you!!
* * * LOW HITPOINT WARNING * * *
You hold your ground!
The azure jelly hits you.
* * * LOW HITPOINT WARNING * * *
The azure jelly freezes you! You resist.
You die...

......#....
.............####.
...>.....#....#...
#...J............
#...........#...
##...............
#.....>JJ........
#...#..GJJG.#....
#.....GJJ@G......
#.....GJJG#.#....
#...#.GJJJ##....#
#......G.## .....
#...#..... ...#
#...#...... .#.
.#. #...J... .. ..
.........
...........


You could see 3 azure jellies, 3 great orbs of eyes, a very large slime
creature, a large slime creature, 5 slime creatures, a rockslime, 3 shining
eyes, 2 quicksilver oozes and 2 golden eyes.

Vanquished Creatures
  An ancient lich (WizLab)
  Mara (Arena)
  Bai Suzhen (Vaults:2)
  Xtahua (Vaults:2)
  3 golden dragons
  A bone dragon (Depths:4)
  Nikola (Elf:3)
  2 hellephants (Depths:4)
  Jorgrun (Orc:2)
  3 tentacled monstrosities
  A walking crystal tome (Depths:2)
  Zenata (Vaults:1)
  4 liches
  8 deep elf blademasters
  3 titans
  2 walking divine tomes
  7 deep elf master archers
  6 sphinxes
  A quicksilver dragon (Depths:2)
  2 tentacled starspawn (Abyss:3)
  Agnes (D:15)
  An ancient champion (WizLab)
  Gastronok (Lair:1)
  3 thorn hunters
  Kirke (Swamp:3)
  A draconian monk (Depths:4)
  A storm dragon (Depths:4)
  3 shadow dragons (Depths:4)
  5 tengu reavers
  2 rockslimes
  2 azure jellies (D:14)
  A frost giant (shapeshifter) (Vaults:4)
  Roxanne (D:15)
  12 frost giants
  12 fire giants
  The ghost of Atuuduag the Warrior, a journeyman OgGl of the Shining One (D:14)
  12 deep elf sorcerers
  9 vault wardens
  The ghost of FizzleBangTC the Thaumaturge, a journeyman MeEE of Ashenzari (Spider:1)
  4 ghost moths
  8 emperor scorpions
  3 deep elf elementalists (Elf:3)
  A reaper (IceCv)
  Louise (Spider:1)
  A draconian shifter (Depths:4)
  Aizul (Spider:1)
  A quicksilver ooze (shapeshifter) (Depths:2)
  14 ironbound preservers
  11 very ugly things
  A draconian stormcaller (Depths:4)
  A quicksilver ooze (D:14)
  An orc warlord (Vaults:4)
  2 broodmothers
  2 hydra skeletons (Swamp:4)
  24 stone giants
  Nessos (Orc:2)
  7 ironbound thunderhulks
  5 vampire knights
  A green draconian (Abyss:3)
  5 eleionomae
  Azrael (D:15)
  3 white draconians (Depths:4)
  2 red draconians (Depths:4)
  9 deep elf annihilators
  4 deep elf demonologists
  A black draconian (Depths:4)
  A yellow draconian (WizLab)
  6 bunyips
  A purple draconian (WizLab)
  12 spark wasps
  9 dire elephants
  Snorg (D:11)
  13 ettins
  5 shambling mangroves
  11 deep elf death magi
  11 fire dragons
  2 yaktaur captains
  4 entropy weavers
  5 deep elf high priests (Elf:3)
  7 great orbs of eyes
  Harold (D:9)
  Erolcha (Orc:2)
  5 ogre magi
  8 vault guards
  Fannar (D:10)
  3 rakshasas (Depths:2)
  3 catoblepae
  7 radroaches
  10 ironbound frosthearts
  15 hydras
  5 spriggan air magi
  2 ghost crabs
  2 jorogumos (Spider:3)
  16 ice dragons
  A two-headed ogre (shapeshifter) (Depths:2)
  23 dancing weapons
  2 peacekeepers
  8 boulder beetles
  14 centaur warriors
  15 two-headed ogres
  Erica (D:9)
  A death knight (D:10)
  11 deep troll shamans
  13 deep troll earth magi
  10 alligators
  The ghost of ionbeam3 the Fighter, a novice OgCA of Ignis (D:6)
  4 tengu warriors
  19 hell hogs
  A thrashing horror (Abyss:3)
  19 death yaks
  15 spriggan berserkers
  A storm dragon zombie (Depths:2)
  29 deep elf knights
  An orc high priest (Orc:2)
  5 hell knights
  A soul eater (Depths:3)
  A fire crab (Lair:5)
  A salamander mystic (Depths:1)
  The ghost of AmazingPX the Cleaver, a novice HOBe of Nemelex Xobeh (D:6)
  Nergalle (Lair:1)
  5 goliath frogs
  A titan skeleton (Depths:2)
  Sonja (Orc:1)
  15 iron trolls
  12 skeletal warriors
  The ghost of NinjaNoafa the Basher, a novice AtCA of Ignis (D:6)
  A storm dragon skeleton (Vaults:2)
  5 spriggan druids
  2 glowing orange brains
  78 deep trolls
  7 flayed ghosts
  8 steelbarb worms
  7 orb spiders
  12 lindwurms
  9 bog bodies
  14 deep elf archers
  An obsidian statue (Vaults:1)
  A lindwurm (shapeshifter) (D:13)
  7 swamp dragons
  12 wizards
  7 orc knights
  Pikel (D:4)
  25 deep elf zephyrmancers
  2 phantasmal warriors (Swamp:4)
  4 spectral hydras (Swamp:4)
  13 ironbound convokers
  4 harpies
  3 cyclopes
  29 deep elf pyromancers
  A harpy (shapeshifter) (Depths:2)
  A necromancer (Depths:2)
  2 tengu skeletons
  The ghost of McGhostyFace the Slicer, a novice GnWn (D:6)
  55 ugly things
  14 orc sorcerers
  4 oklob plants
  3 salamanders (Depths:1)
  A shining eye (D:14)
  16 wolf spiders
  4 manticores
  8 will-o-the-wisps
  2 eyes of devastation
  2 ice statues (IceCv)
  A fire giant skeleton (Vaults:2)
  13 vault sentinels
  3 rust devils
  A stone giant skeleton (Vaults:2)
  2 elephants (Lair:5)
  6 moths of wrath
  An apocalypse crab (Abyss:3)
  Joseph (D:10)
  A guardian serpent (shapeshifter) (D:14)
  2 smoke demons (Abyss:3)
  The ghost of equiv the Slasher, a novice DgWr (D:6)
  3 molten gargoyles
  2 black mambas (Lair:1)
  Maggie (D:9)
  2 torpor snails
  Maurice (D:11)
  2 gargoyles
  7 cane toads
  10 yaktaurs
  4 orange demons
  Psyche (D:8)
  4 efreet
  7 komodo dragons
  A komodo dragon (shapeshifter) (Depths:2)
  An ancient zyme (Abyss:3)
  10 demonic crawlers
  3 freezing wraiths
  A yaktaur (shapeshifter) (Depths:2)
  An anaconda simulacrum (IceCv)
  3 rime drakes
  2 red devils (D:11)
  6 ice devils
  A tengu conjurer (Depths:3)
  7 human skeletons (Vaults:2)
  3 meliai (Spider:3)
  A hydra zombie (Swamp:4)
  A bloated husk (Swamp:4)
  6 large abominations
  A death drake zombie (Swamp:4)
  8 polar bears
  23 hornets
  24 tarantellas
  4 trolls
  5 tyrant leeches
  3 death drake skeletons (Swamp:4)
  7 raiju (Abyss:3)
  54 slime creatures
  14 blink frogs
  19 dream sheep
  Sigmund (D:3)
  9 spriggans
  21 jumping spiders
  3 wyverns
  14 culicivoras
  4 wraiths
  An ettin skeleton (Vaults:2)
  2 humans
  2 fire bats (Abyss:3)
  5 water elementals
  A ynoxinul (Abyss:2)
  2 dire elephant simulacra (IceCv)
  5 vampires
  4 basilisks
  28 yaks
  A steam dragon (D:9)
  12 vampire mosquitoes
  A neqoxec (Abyss:3)
  7 fire elementals
  Menkaure (D:6)
  A chaos spawn (D:11)
  A death yak simulacrum (IceCv)
  3 hogs (Swamp:3)
  56 redbacks
  The ghost of valliere the Trooper, an amateur OpFi (D:5)
  Edmund (D:4)
  3 wargs
  A harpy simulacrum (IceCv)
  14 swamp worms
  2 hydra simulacra (Swamp:4)
  2 two-headed ogre zombies (WizLab)
  Duvessa (D:4)
  15 water moccasins
  A floating eye (Depths:2)
  20 orc warriors
  2 small abominations
  7 hell hounds
  7 swamp drakes
  A glowing shapeshifter skeleton (Vaults:2)
  A sky beast (D:8)
  4 black bears
  An ettin simulacrum (Depths:2)
  A swamp dragon zombie (Swamp:4)
  11 ogres
  6 centaurs
  5 boggarts
  23 wolves
  A lemure (D:4)
  A phantom (D:5)
  11 bullfrogs
  5 kobold brigands
  A necrophage (D:6)
  A gnoll sergeant (D:6)
  7 scorpions
  An earth elemental (Elf:3)
  A cane toad simulacrum (IceCv)
  A wyvern skeleton (D:5)
  19 wights
  Dowan (D:4)
  9 troll zombies (WizLab)
  14 killer bees
  4 electric eels
  6 howler monkeys
  4 jellies
  5 lava snakes (Lair:3)
  3 quasits
  A hound (D:5)
  8 orc priests
  Ijyb (D:5)
  5 iguanas
  36 orc wizards
  3 spriggan simulacra (IceCv)
  3 troll simulacra (IceCv)
  2 wolf simulacra (IceCv)
  6 ogre zombies (WizLab)
  A mummy (D:5)
  Robin (D:3)
  9 gnolls
  A howler monkey zombie (D:5)
  3 naga simulacra (IceCv)
  5 adders
  A shadow imp (D:6)
  15 white imps
  5 ufetubi
  2 worms (D:2)
  3 dart slugs (D:1)
  89 orcs
  6 ball pythons
  7 bats
  4 endoplasms
  2 giant cockroaches (D:1)
  22 goblins
  13 hobgoblins
  3 jackals (D:3)
  5 quokkas
  3 training dummies (Orc:1)
  3 frilled lizards
  34 kobolds
  6 rats
  2 briar patches (Swamp:4)
2007 creatures vanquished.

Vanquished Creatures (collateral kills)
  2 doom hounds (Depths:3)
  Grunn (Depths:3)
  2 tormentors (Depths:3)
5 creatures vanquished.

Vanquished Creatures (others)
  A hydra (Swamp:4)
  A vampire mage (Depths:4)
  A deep elf zephyrmancer (Elf:3)
  A wolf spider (Spider:4)
  A bloated husk (Swamp:4)
  A tyrant leech (Swamp:4)
  A culicivora (Spider:4)
  6 water elementals (Depths:3)
  A swamp worm (Swamp:4)
  A boggart (Vaults:3)
  An orc priest (Orc:2)
  2 orc wizards (Orc:2)
  An orc (Orc:1)
  6 briar patches (Swamp:4)
  44 foxfires
  43 fungi
  98 plants
  4 starspawn tentacles (Abyss:3)
214 creatures vanquished.

Grand Total: 2226 creatures vanquished

Notes
Turn   | Place    | Note
-------+----------+-------------------------------------------
     0 | D:1      | purpskrrrp the Troll Warper began the quest for the Orb.
     0 | D:1      | Reached XP level 1. HP: 19/19 MP: 1/1
   240 | D:1      | Reached XP level 2. HP: 28/28 MP: 2/2
   436 | D:1      | Reached XP level 3. HP: 35/35 MP: 3/3
  1243 | D:2      | Reached skill level 3 in Unarmed Combat
  1256 | D:2      | Found a glowing golden altar of the Shining One.
  1710 | D:3      | Reached XP level 4. HP: 42/42 MP: 4/4
  1831 | D:3      | Found a faded altar of an unknown god.
  1917 | D:3      | Found a sparkling altar of Nemelex Xobeh.
  2075 | D:3      | Prayed at the altar of an unknown god.
  2075 | D:3      | Became a worshipper of Warmaster Okawaru
  2075 | D:3      | Reached * piety under Okawaru
  2206 | D:3      | Found a blossoming altar of Fedhas.
  2304 | D:3      | Noticed Sigmund
  2326 | D:3      | Reached skill level 1 in Armour
  2341 | D:3      | Killed Sigmund
  2341 | D:3      | Reached ** piety under Okawaru
  2342 | D:3      | Reached skill level 4 in Unarmed Combat
  2342 | D:3      | Reached skill level 1 in Invocations
  2342 | D:3      | Reached XP level 5. HP: 29/50 MP: 1/5
  2342 | D:3      | Reached XP level 6. HP: 34/59 MP: 1/6
  2542 | D:3      | Noticed Robin
  2554 | D:3      | Killed Robin
  3228 | D:4      | Noticed Edmund
  3242 | D:4      | Killed Edmund
  3335 | D:4      | Noticed Duvessa
  3352 | D:4      | Killed Duvessa
  3353 | D:4      | Reached XP level 7. HP: 67/67 MP: 4/7
  3380 | D:4      | Noticed Dowan
  3387 | D:4      | Killed Dowan
  3388 | D:4      | Reached skill level 5 in Unarmed Combat
  3887 | D:4      | Noticed Pikel
  3900 | D:4      | Killed Pikel
  3900 | D:4      | Reached *** piety under Okawaru
  3901 | D:4      | Reached skill level 6 in Unarmed Combat
  3901 | D:4      | Reached XP level 8. HP: 66/76 MP: 7/9
  4001 | D:5      | Entered Level 5 of the Dungeon
  4270 | D:5      | Noticed Ijyb
  4271 | D:5      | Found a staircase to the Ecumenical Temple.
  4278 | D:5      | Killed Ijyb
  4471 | D:5      | Found a transporter.
  4473 | D:5      | Noticed valliere's ghost (amateur OpFi)
  4478 | D:5      | Found a transporter.
  4870 | D:5      | Gained mutation: Your magical capacity is low. (-10% MP)
                  | [potion of mutation]
  4870 | D:5      | Gained mutation: You have sharp toenails. [potion of
                  | mutation]
  4900 | D:6      | Found a glowing golden altar of the Shining One.
  4922 | D:6      | Noticed a two-headed ogre
  5222 | D:6      | Noticed Menkaure
  5238 | D:6      | Killed Menkaure
  5238 | D:6      | Reached **** piety under Okawaru
  5239 | D:6      | Reached skill level 7 in Unarmed Combat
  5265 | D:6      | Reached skill level 5 in Armour
  5309 | D:6      | Found a runed translucent gate.
  5310 | D:6      | Found a runed translucent gate.
  5311 | D:6      | Found a runed translucent gate.
  5311 | D:6      | Noticed McGhostyFace's ghost (novice GnWn)
  5313 | D:6      | Noticed ionbeam3's ghost (novice OgCA)
  5313 | D:6      | Noticed NinjaNoafa's ghost (novice AtCA)
  5316 | D:6      | Noticed AmazingPX's ghost (novice HOBe)
  5391 | D:6      | Reached XP level 9. HP: 84/84 MP: 9/9
  5497 | D:6      | Killed a two-headed ogre
  5497 | D:6      | Reached ***** piety under Okawaru
  5946 | D:6      | Found Henletz's Antique Armour Shoppe.
  6042 | D:6      | Noticed equiv's ghost (novice DgWr)
  6104 | D:7      | Reached skill level 8 in Unarmed Combat
  6684 | D:7      | Reached skill level 5 in Fighting
  6721 | D:7      | Reached XP level 10. HP: 63/96 MP: 5/11
  6722 | D:7      | Reached skill level 5 in Invocations
  6829 | D:7      | Noticed a two-headed ogre
  6837 | D:7      | Killed a two-headed ogre
  6838 | D:7      | Reached skill level 9 in Unarmed Combat
  6875 | D:7      | Noticed a manticore
  6987 | D:7      | Killed a manticore
  7549 | D:8      | Received a gift from Okawaru
  7561 | D:8      | Found a staircase to the Lair.
  7582 | D:8      | Noticed a two-headed ogre
  7589 | D:8      | Killed a two-headed ogre
  7690 | D:8      | Found a basalt altar of Yredelemnul.
  7722 | D:8      | Noticed Psyche
  7725 | D:8      | Killed Psyche
  7726 | D:8      | Reached skill level 10 in Unarmed Combat
  7738 | D:8      | Identified the +2 robe of Rejeon {rCorr Dex-5 SInv Stlth+}
                  | (Okawaru gifted it to you on level 8 of the Dungeon)
  7738 | D:8      | Received a gift from Okawaru
  7776 | D:8      | Found a hide-covered altar of Uskayaw.
  7777 | D:8      | Found a glowing silver altar of Zin.
  7778 | D:8      | Found a shimmering altar of Xom.
  7779 | D:8      | Found a white marble altar of Elyvilon.
  7947 | D:8      | Reached XP level 11. HP: 102/105 MP: 12/12
  8151 | D:9      | Found Viwnueh's Jewellery Shop.
  8158 | D:9      | Noticed Harold
  8187 | D:9      | Killed Harold
  8352 | D:9      | Noticed Erica
  8355 | D:9      | Noticed Maggie
  8358 | D:9      | Killed Erica
  8367 | D:9      | Killed Maggie
  8807 | D:9      | Reached skill level 11 in Unarmed Combat
  8994 | D:10     | Entered Level 10 of the Dungeon
  9028 | D:10     | Noticed a two-headed ogre
  9036 | D:10     | Killed a two-headed ogre
  9137 | D:10     | Learned a level 4 spell: Manifold Assault
  9193 | D:10     | Noticed Fannar
  9216 | D:10     | Killed Fannar
  9284 | D:10     | Noticed Joseph
  9304 | D:10     | Killed Joseph
  9356 | D:10     | Noticed a death knight
  9357 | D:10     | Noticed a centaur warrior
  9371 | D:10     | Killed a death knight
  9371 | D:10     | Received a gift from Okawaru
  9386 | D:10     | Killed a centaur warrior
  9454 | D:10     | Noticed a deep elf pyromancer
  9465 | D:10     | Killed a deep elf pyromancer
  9465 | D:10     | Identified the +2 robe "Koafaiwam" {Drain rPois rN++ rCorr
                  | Dex+3} (Okawaru gifted it to you on level 10 of the
                  | Dungeon)
  9465 | D:10     | Received a gift from Okawaru
  9466 | D:10     | Reached XP level 12. HP: 118/118 MP: 12/14
  9470 | D:10     | Noticed an ogre mage
  9477 | D:10     | Killed an ogre mage
  9484 | D:10     | Reached skill level 12 in Unarmed Combat
  9630 | D:10     | Noticed a fire dragon
  9642 | D:10     | Killed a fire dragon
  9651 | D:10     | Noticed a tengu warrior
  9661 | D:10     | Killed a tengu warrior
  9907 | D:10     | Noticed a seven-headed hydra
  9916 | D:10     | Killed a seven-headed hydra
 10260 | D:11     | Noticed Maurice
 10268 | D:11     | Killed Maurice
 10384 | D:11     | Noticed a two-headed ogre
 10387 | D:11     | Noticed Snorg
 10406 | D:11     | Killed Snorg
 10407 | D:11     | Reached skill level 13 in Unarmed Combat
 10408 | D:11     | Killed a two-headed ogre
 10507 | D:11     | Found a portal to a secret trove of treasure.
 10579 | D:11     | Lost mutation: Your magical capacity is low. (-10% MP)
                  | [potion of mutation]
 10579 | D:11     | Lost mutation: You have sharp toenails. [potion of
                  | mutation]
 10579 | D:11     | Gained mutation: Your system is resistant to poisons.
                  | (rPois) [potion of mutation]
 10596 | D:11     | Noticed a two-headed ogre
 10602 | D:11     | Killed a two-headed ogre
 10603 | D:11     | Reached skill level 5 in Dodging
 11170 | D:12     | Reached skill level 10 in Armour
 11170 | D:12     | Reached XP level 13. HP: 127/127 MP: 16/16
 11178 | D:12     | Identified the ring "Finuilewk" {Fire Will+ Str+2 Dex-2}
 11203 | D:12     | Found a staircase to the Orcish Mines.
 11285 | D:12     | Got the Incunabulum of the Inquisitive Wars
 12079 | D:12     | Identified a scroll of acquirement
 12079 | D:12     | Acquired the +1 tower shield of Mininn {Int+6 Dex+3}
 12365 | D:13     | Reached skill level 1 in Maces & Flails
 12365 | D:13     | Reached skill level 1 in Shields
 12603 | D:13     | Reached skill level 14 in Unarmed Combat
 12651 | D:13     | Received a gift from Okawaru
 13569 | D:14     | Noticed a fire dragon
 13575 | D:14     | Killed a fire dragon
 13812 | D:14     | Found a runed translucent gate.
 13812 | D:14     | Found a runed translucent gate.
 13812 | D:14     | Found a runed translucent gate.
 13815 | D:14     | Noticed an azure jelly
 13816 | D:14     | Noticed Atuuduag's ghost (journeyman OgGl)
 13816 | D:14     | Noticed an azure jelly
 13817 | D:14     | Noticed a rockslime
 13817 | D:14     | Noticed a quicksilver ooze
 14119 | D:14     | Received a gift from Okawaru
 14178 | D:14     | Found a gate to the Vaults.
 14229 | D:14     | Found a shadowy altar of Dithmenos.
 14322 | D:14     | Found a glowing golden altar of the Shining One.
 14509 | D:14     | Found a viscous altar of Jiyva.
 14562 | D:15     | Entered Level 15 of the Dungeon
 14562 | D:15     | Noticed Azrael
 14588 | D:15     | Killed Azrael
 14630 | D:15     | Reached XP level 14. HP: 86/140 MP: 9/17
 14802 | D:15     | Reached skill level 15 in Unarmed Combat
 15151 | D:15     | Noticed Roxanne
 15185 | D:15     | Killed Roxanne
 15195 | D:15     | Learned a level 6 spell: Statue Form
 15399 | D:15     | Received a gift from Okawaru
 15416 | D:15     | Reached skill level 5 in Shields
 15512 | D:15     | Identified the +7 plate armour "Vuf Xigy" {rF- Str+4 Int+3
                  | Stlth+}
 15548 | D:15     | Noticed Agnes
 15556 | D:15     | Killed Agnes
 15818 | D:15     | Found a staircase to the Depths.
 16407 | D:5      | Killed valliere's ghost
 16437 | D:5      | Lost mutation: Your system is resistant to poisons. (rPois)
                  | [potion of mutation]
 16437 | D:5      | Gained mutation: Your body sometimes deteriorates upon
                  | taking damage. [potion of mutation]
 16437 | D:5      | Gained mutation: Your system is resistant to poisons.
                  | (rPois) [potion of mutation]
 16437 | D:5      | Lost mutation: Your system is resistant to poisons. (rPois)
                  | [potion of mutation]
 16553 | D:6      | Killed AmazingPX's ghost
 16559 | D:6      | Killed ionbeam3's ghost
 16562 | D:6      | Killed equiv's ghost
 16562 | D:6      | Identified the +0 robe of the Demon Prince {Stlth+}
                  | (Okawaru gifted it to you on level 6 of the Dungeon)
 16562 | D:6      | Received a gift from Okawaru
 16564 | D:6      | Killed NinjaNoafa's ghost
 16570 | D:6      | Killed McGhostyFace's ghost
 16824 | Lair:1   | Entered Level 1 of the Lair of Beasts
 16865 | Lair:1   | Noticed Nergalle
 16873 | Lair:1   | Killed Nergalle
 16902 | Lair:1   | Found a frozen archway.
 16952 | IceCv    | Entered an ice cave
 17029 | IceCv    | Reached skill level 16 in Unarmed Combat
 17230 | IceCv    | Noticed a reaper
 17241 | IceCv    | Killed a reaper
 17660 | Lair:1   | Reached XP level 15. HP: 135/149 MP: 18/18
 17791 | Lair:1   | Noticed Gastronok
 17811 | Lair:1   | Killed Gastronok
 18252 | Lair:2   | Reached skill level 10 in Fighting
 18384 | Lair:2   | Found a hole to the Spider Nest.
 19281 | Lair:2   | Found a staircase to the Swamp.
 20648 | Lair:3   | Lost mutation: Your body sometimes deteriorates upon taking
                  | damage. [potion of mutation]
 20648 | Lair:3   | Gained mutation: Your body sometimes deteriorates upon
                  | taking damage. [potion of mutation]
 20648 | Lair:3   | Gained mutation: Your flesh is heat resistant. (rF+)
                  | [potion of mutation]
 20648 | Lair:3   | Gained mutation: You are partially covered in large bone
                  | plates. (SH +4) [potion of mutation]
 20648 | Lair:3   | Gained mutation: You have large cloven feet. [potion of
                  | mutation]
 21465 | Lair:5   | Entered Level 5 of the Lair of Beasts
 21827 | Lair:5   | Received a gift from Okawaru
 21853 | Lair:5   | Reached skill level 17 in Unarmed Combat
 22408 | Lair:5   | Reached XP level 16. HP: 99/161 MP: 11/19
 22509 | Lair:5   | Identified the +8 long sword of Lies {holy, Fly rPois
                  | Int-2}
 22712 | Lair:5   | Found a viscous altar of Jiyva.
 22719 | Lair:5   | Found a staircase to the Slime Pits.
 22787 | Lair:5   | Acquired the amulet of Salvation {RegenMP Slay+3}
 23153 | Orc:1    | Entered Level 1 of the Orcish Mines
 23244 | Orc:2    | Entered Level 2 of the Orcish Mines
 23244 | Orc:2    | Noticed Nessos
 23291 | Orc:2    | Killed Nessos
 23382 | Orc:2    | Found a staircase to the Elven Halls.
 23434 | Orc:2    | Found Xiagget's Weapon Shop.
 23443 | Orc:2    | Paralysed by an orc sorcerer for 5 turns
 23902 | Orc:2    | Noticed Jorgrun
 23912 | Orc:2    | Killed Jorgrun
 24209 | Orc:2    | Paralysed by an orc sorcerer for 2 turns
 24251 | Orc:2    | Found Biurabeh's Book Shop.
 24300 | Orc:2    | Found a radiant altar of Vehumet.
 24300 | Orc:2    | Noticed Erolcha
 24307 | Orc:2    | Killed Erolcha
 24351 | Orc:2    | Found an ancient bone altar of Kikubaaqudgha.
 24383 | Orc:2    | Found Xaugeanke's Magic Scroll Boutique.
 24416 | Orc:2    | Found Wost's Antique Weapon Shop.
 24468 | Orc:2    | Found Kyjocomu's Jewellery Boutique.
 24476 | Orc:2    | Bought a +6 ring of strength for 504 gold pieces
 24654 | Orc:1    | Noticed Sonja
 24665 | Orc:1    | Identified the +1 robe of Muruaf {Dex+3} (Okawaru gifted it
                  | to you on level 1 of the Orcish Mines)
 24665 | Orc:1    | Received a gift from Okawaru
 24668 | Orc:1    | Killed Sonja
 24669 | Orc:1    | Reached skill level 10 in Shields
 24931 | Orc:1    | Found Qazoar's Magic Scroll Boutique.
 24942 | Orc:1    | Bought a scroll of magic mapping for 82 gold pieces
 24942 | Orc:1    | Bought a scroll of fear for 44 gold pieces
 24942 | Orc:1    | Bought a scroll of teleportation for 33 gold pieces
 24962 | Orc:1    | Found Fawykaun's Assorted Antiques.
 24968 | Orc:1    | Bought a scroll of poison for 116 gold pieces
 24968 | Orc:1    | Bought a scroll of enchant weapon for 217 gold pieces
 24996 | Orc:1    | Found Nopneala's Firing Range.
 25000 | Orc:1    | Bought a throwing net for 36 gold pieces
 25000 | Orc:1    | Bought 4 silver javelins for 115 gold pieces
 25000 | Orc:1    | Bought a throwing net for 36 gold pieces
 25000 | Orc:1    | Bought a throwing net for 36 gold pieces
 25324 | D:14     | Killed Atuuduag's ghost
 25335 | D:14     | Reached skill level 18 in Unarmed Combat
 25567 | Swamp:1  | Entered Level 1 of the Swamp
 26016 | Swamp:1  | Found a broken altar of Ashenzari.
 26916 | Swamp:3  | Noticed a tentacled monstrosity
 27087 | Swamp:3  | Reached XP level 17. HP: 89/170 MP: 9/20
 27237 | Swamp:3  | Identified the +1 robe "Ullopi Nudd" {rElec rF- Will+}
                  | (Okawaru gifted it to you on level 3 of the Swamp)
 27237 | Swamp:3  | Received a gift from Okawaru
 27297 | Swamp:3  | Killed a tentacled monstrosity
 27349 | Swamp:3  | Identified the +8 quarterstaff "Hurud" {holy, MP+9}
 27400 | Swamp:3  | Noticed Mara
 27401 | Arena    | Entered the Arena
 27412 | Arena    | Noticed purpskrrrp's illusion
 27413 | Arena    | Killed Mara
 27483 | Swamp:3  | Noticed Kirke
 27492 | Swamp:3  | Killed Kirke
 27717 | Swamp:4  | Entered Level 4 of the Swamp
 28040 | Swamp:4  | Reached skill level 19 in Unarmed Combat
 28161 | Swamp:4  | Paralysed by a vampire knight for 4 turns
 28180 | Swamp:4  | Paralysed by something for 3 turns
 28851 | Swamp:4  | Paralysed by a vampire knight for 4 turns
 29498 | Swamp:4  | Found a blossoming altar of Fedhas.
 29532 | Swamp:4  | Got a decaying rune of Zot
 29555 | Swamp:4  | Found a basalt altar of Yredelemnul.
 29740 | Spider:1 | Entered Level 1 of the Spider Nest
 29754 | Spider:1 | Received a gift from Okawaru
 29937 | Spider:1 | Noticed Aizul
 29958 | Spider:1 | Killed Aizul
 30037 | Spider:1 | Noticed FizzleBangTC's ghost (journeyman MeEE)
 30048 | Spider:1 | Found a runed translucent gate.
 30113 | Spider:1 | Noticed Louise
 30132 | Spider:1 | Killed Louise
 30178 | Spider:1 | You fall into a shaft and drop 1 floor!
 30393 | Spider:1 | Reached XP level 18. HP: 182/182 MP: 19/21
 30502 | Spider:1 | Got the Cyclopedia of the Blaze and the Nimbus
 30574 | Spider:1 | Found a runed translucent gate.
 30574 | Spider:1 | Found a runed translucent gate.
 32447 | Spider:3 | Reached skill level 20 in Unarmed Combat
 32578 | Spider:3 | Identified the +2 robe of Geofoot {rN+ Int+4}
 33514 | Spider:4 | Entered Level 4 of the Spider Nest
 33924 | Spider:4 | Received a gift from Okawaru
 35145 | Spider:4 | Got a gossamer rune of Zot
 35522 | Elf:1    | Entered Level 1 of the Elven Halls
 35818 | Vaults:1 | Entered Level 1 of the Vaults
 35903 | Vaults:1 | Received a gift from Okawaru
 36142 | Vaults:1 | Received a gift from Okawaru
 36143 | Vaults:1 | Reached XP level 19. HP: 192/192 MP: 20/22
 36430 | Vaults:1 | Noticed Zenata
 36468 | Vaults:1 | Killed Zenata
 36878 | Vaults:1 | Reached skill level 21 in Unarmed Combat
 36894 | Vaults:1 | Received a gift from Okawaru
 37744 | Vaults:2 | Noticed Bai Suzhen
 37752 | Vaults:2 | Killed Bai Suzhen
 37753 | Vaults:2 | Reached skill level 15 in Shields
 38157 | Vaults:2 | Paralysed by a great orb of eyes for 2 turns
 38369 | Vaults:2 | Found a staircase to the Crypt.
 39066 | Vaults:2 | Noticed Xtahua
 39085 | Vaults:2 | Killed Xtahua
 39291 | Vaults:3 | Received a gift from Okawaru
 39538 | Vaults:3 | Received a gift from Okawaru
 39538 | Vaults:3 | Found the +1 robe of Vines {NoPotionHeal Regen++++}
 39848 | Vaults:3 | Reached XP level 20. HP: 158/204 MP: 16/23
 40142 | Vaults:3 | Reached ****** piety under Okawaru
 40611 | Vaults:3 | Reached skill level 22 in Unarmed Combat
 41376 | Vaults:4 | Received a gift from Okawaru
 41935 | Vaults:4 | Found Ziwim's Weapon Shoppe.
 41935 | Vaults:4 | Found Panemoz's Magic Scroll Shoppe.
 41952 | Abyss:2  | Cast into level 2 of the Abyss (a deep elf sorcerer)
 42125 | Abyss:3  | Found a viscous altar of Jiyva.
 42190 | Vaults:4 | Escaped the Abyss
 42203 | Vaults:4 | Paralysed by a great orb of eyes for 2 turns
 42207 | Vaults:4 | Found Wianee's Book Shoppe.
 42226 | Vaults:4 | Bought a scroll of poison for 68 gold pieces
 42226 | Vaults:4 | Bought a scroll of teleportation for 51 gold pieces
 42226 | Vaults:4 | Bought a scroll of enchant armour for 127 gold pieces
 42226 | Vaults:4 | Bought a scroll of fear for 68 gold pieces
 42317 | Vaults:4 | Reached skill level 15 in Armour
 42542 | Vaults:4 | Received a gift from Okawaru
 42934 | Vaults:5 | Entered Level 5 of the Vaults
 43277 | Elf:1    | Reached XP level 21. HP: 176/214 MP: 19/24
 44262 | Elf:2    | Found a shimmering blue altar of Sif Muna.
 44403 | Elf:2    | Received a gift from Okawaru
 44453 | Elf:2    | Reached skill level 23 in Unarmed Combat
 44717 | Elf:2    | Identified the ring "Japs" {Wiz +Blink rN+ Str+2 Dex-3}
 44739 | Elf:2    | Found a corrupted altar of Lugonu.
 44897 | Elf:2    | Found a runed translucent gate.
 44898 | Elf:2    | Found a runed translucent gate.
 44898 | Elf:2    | Found a runed translucent gate.
 45009 | Elf:3    | Entered Level 3 of the Elven Halls
 45215 | Elf:3    | Acquired the +9 tower shield of Eternal Vigilance {rElec}
 45253 | Elf:3    | Identified the +11 trident "Orchochato" {elec, Str+2}
 45495 | Abyss:3  | Cast into level 3 of the Abyss (a deep elf sorcerer)
 45517 | Elf:3    | Escaped the Abyss
 46213 | Elf:3    | Received a gift from Okawaru
 46265 | Abyss:3  | Cast into level 3 of the Abyss (a deep elf sorcerer)
 46581 | Elf:3    | Escaped the Abyss
 46713 | Elf:3    | Noticed Nikola
 46746 | Elf:3    | Killed Nikola
 46876 | Elf:3    | Identified the +8 rapier "Mufa" {drain, Str+3}
 46876 | Elf:3    | Identified the amulet "Duxes" {RegenMP rPois Int-5 Dex+4}
 46885 | Elf:3    | Identified the +6 great sword of Purpose {vorpal, Will+++
                  | MP+9}
 46943 | Elf:3    | Got Sif Muna's Dissertation on the Lungs
 46949 | Elf:3    | Identified the +6 short sword of Reatawegh {venom, rPois}
 46959 | Elf:3    | Identified the +6 war axe of Popular Demand {holy, *Rage
                  | rElec rF+}
 47000 | Elf:3    | Got Sif Muna's Atlas of the Assassin and Terra Firma
 47357 | Elf:2    | Reached XP level 22. HP: 177/216 MP: 19/25
 47434 | Elf:2    | Received a gift from Okawaru
 48118 | Arena    | Entered the Arena
 48141 | Spider:1 | Killed FizzleBangTC's ghost
 48449 | Depths:1 | Entered Level 1 of the Depths
 48562 | Depths:1 | Reached skill level 24 in Unarmed Combat
 48714 | Depths:1 | Reached skill level 15 in Fighting
 49241 | Depths:1 | Found a gateway to Hell.
 49657 | Depths:2 | Found a snail-covered altar of Cheibriados.
 49891 | Depths:2 | Got Sif Muna's Essays on the Union and the Summer
 50003 | Depths:2 | Noticed a golden dragon
 50023 | Depths:2 | Killed a golden dragon
 50341 | Depths:2 | Received a gift from Okawaru
 50359 | Depths:2 | Noticed a golden dragon
 50368 | Depths:2 | Paralysed by a floating eye for 3 turns
 50374 | Depths:2 | Paralysed by a floating eye for 3 turns
 50486 | Depths:2 | Fell from the grace of Okawaru
 50486 | Depths:2 | Became a worshipper of Cheibriados the Contemplative
 50496 | Depths:2 | Found a one-way gateway to a ziggurat.
 50711 | Depths:2 | Found a one-way gate leading to the halls of Pandemonium.
 50748 | Depths:2 | Reached * piety under Cheibriados
 50877 | Depths:2 | Reached XP level 23. HP: 205/237 MP: 21/26
 50988 | Depths:2 | Paralysed by a floating eye for 3 turns
 51118 | Depths:2 | Got Udest's Meditations on the Squall
 51420 | Depths:2 | Found a runed translucent door.
 51491 | Depths:3 | Reached ** piety under Cheibriados
 51601 | Depths:3 | Found a magical portal.
 51609 | WizLab   | Entered Zonguldrok's Shrine
 51798 | WizLab   | Reached *** piety under Cheibriados
 51846 | WizLab   | Noticed an antique lich
 51847 | WizLab   | Found the +9 sword of Zonguldrok {reap}
 51868 | WizLab   | Killed an antique lich
 52373 | Depths:3 | Found a one-way gate to the infinite horrors of the Abyss.
 52406 | Depths:3 | Reached **** piety under Cheibriados
 52617 | Depths:3 | Noticed Grunn
 52634 | Depths:3 | Killed Grunn
 52691 | Depths:3 | Reached ***** piety under Cheibriados
 53504 | Depths:4 | Entered Level 4 of the Depths
 53515 | Depths:4 | Found a shimmering blue altar of Sif Muna.
 53515 | Depths:4 | Found the +8 demon blade "Leech" {vamp, Harm Drain rN+}
 53922 | Depths:4 | Found a gate to the Realm of Zot.
 54180 | Depths:4 | Reached ****** piety under Cheibriados
 55338 | Slime:1  | Entered Level 1 of the Pits of Slime
 55346 | Slime:1  | Reached skill level 25 in Unarmed Combat
 55346 | Slime:1  | Paralysed by a great orb of eyes for 5 turns
 55349 | Slime:1  | HP: 11/241 [rockslime (32)]
 55349 | Slime:1  | Slain by an azure jelly

Illustrated notes

Levels and vault maps discovered:
D:1:      dpeg_arrival_tiny_f, layout_basic, serial_bayou_ford_a
D:2:      layout_basic, basic_altar, serial_bayou_crossing
D:3:      kennysheep_goblin_castle, layout_loops_ring, fedhas_altar_fruit_tree,
          mainiacjoe_overflow_concentric_impassable,
          hellmonk_ecumenical_altar_leap_of_faith, kennysheep_donut,
          guppyfry_early_orc_mine, uniq_sigmund
D:4:      layout_loops_corners, uniq_duvessa, uniq_edmund, uniq_pikel
D:5:      minmay_evil_eye, layout_loops_corners, minmay_temple_entry_overgrown,
          gammafunk_ghost_mausoleum, uniq_ijyb
D:6:      layout_gridville, kennysheep_little_box, gammafunk_ghost_cemetery,
          serial_shops, nicolae_shop_trees, minmay_small_thing, uniq_menkaure
D:7:      kennysheep_big_flooded_room, layout_basic
D:8:      layout_cave_pools, mainiacjoe_overflow_alcove_3,
          yredelemnul_altar_generic, due_lair_maze_entry_diamond, moated_statue,
          uniq_psyche
D:9:      layout_irregular_city, serial_shops, nicolae_take_the_stairs,
          nrook_pool_corridor, minmay_misc_feat_tower, feat_on_display,
          uniq_harold, uniq_maggie, uniq_erica
D:10:     layout_long_grid, minivault_28, uniq_joseph, uniq_fannar
D:11:     layout_basic, serial_demonic, serial_demonic_f, serial_demonic_f,
          serial_demonic_b, serial_demonic_a, nicolae_trove_entry_diagonal,
          uniq_maurice, uniq_snorg
D:12:     layout_loops_ring, david_orc_3
D:13:     layout_small_grid, serial_co_window_serial, co_window_paths_b,
          co_window_corner_a, co_window_paths_b, co_window_corner_a,
          co_window_corner_a, co_window_paths_a, co_window_corner_a,
          co_window_paths_a, co_window_corner_a, co_window_unsneaky_path_b,
          co_window_broadway_b, co_window_corner_b, co_window_unsneaky_path_c,
          kennysheep_just_a_vault
D:14:     layout_basic, david_vaults_5, tso_altar, gammafunk_ghost_ooze,
          grunt_dithmenos_smoke
D:15:     grunt_enter_depths_hoard, layout_long_grid, nicolae_wwwww,
          uniq_azrael, uniq_roxanne, uniq_agnes
Lair:1:   layout_regular_city, portal_ice_cave_entry_imps, grunt_megastairs_2,
          uniq_gastronok, uniq_nergalle
Lair:2:   layout_layer_cave, nicolae_swamp_entry_splash_gauntlet,
          spider_nest_entry_a, cheibrodos_lair_lostbears
Lair:3:   cheibrodos_magma_flow, layout_layer_cave
Lair:4:   layout_regular_city
Lair:5:   grunt_lair_end_beastmaster, layout_hall_layers,
          dpeg_slime_entry_corner, st_stairs_7, chequers_serial_rivers_room_b
Swamp:1:  layout_basic_swamp, basic_altar
Swamp:2:  layout_falls_marsh, nicolae_swamp_ascending_descending_big,
          swamp_pool1, nicolae_swamp_some_circles
Swamp:3:  layout_falls_marsh, hangedman_swamp_blocks, swamp_pool5, uniq_kirke,
          uniq_mara
Swamp:4:  byrel_swamp_growth_death_and_undeath, layout_basic_swamp
Spider:1: layout_cave_pods, gammafunk_ghost_split, uniq_aizul, uniq_louise
Spider:2: layout_cave_pods
Spider:3: layout_spider_delve
Spider:4: grunt_spider_rune_circles, drop_trap
Slime:1:  layout_caves, special_room [special_room_jelly]
Orc:1:    layout_caves, serial_shops, shop, nicolae_shop_trees,
          nicolae_shop_firing_range, uniq_sonja
Orc:2:    kennysheep_orc_mage_school, layout_diamond_mine, serial_shops,
          nicolae_shop_bloodbath_and_beyond, uniq_jorgrun, uniq_nessos
Elf:1:    layout_loops_cross, minmay_elf_demonology, einodemon_barbed_minivault
Elf:2:    nicolae_elf_blades_crystal_corner, layout_gridlike,
          lemuel_statue_altar, nicolae_elf_theology_debate
Elf:3:    minmay_elf_hall_four_x, layout_geoelf_castle, elves_outpost_lemuel,
          uniq_nikola
Vaults:1: v_alt_pattern_1, nicolae_vaults_network_periphery,
          nicolae_vaults_little_ls, ontoclasm_vaults_twist,
          nicolae_vaults_big_angled_halls, nicolae_vaults_circle_grid_b,
          nicolae_vaults_ring_of_whatevers, vaults_room_corners,
          vaults_room_fours, hangedman_vaults_trim, nicolae_vaults_statue_guard,
          layout_vaults_chaotic_city, uniq_zenata
Vaults:2: vaults_room_fours, minmay_crypt_entry_skeletal_spiral,
          grunt_vaults_focal, vaults_dpeg_emergency_exit,
          vaults_room_grunt_arrival_ludios, v_misc_15, layout_vaults_omnigrid,
          uniq_bai_suzhen, uniq_xtahua
Vaults:3: dpeg_vaults_monster_box, nicolae_vaults_hallways_thing,
          nicolae_vaults_diagonal_hallway_8, nicolae_vaults_little_squares_2,
          nicolae_vaults_big_ls, vaults_mumra_chevron_long, st_quartered_hall,
          vaults_standard_mumra_x, nicolae_vaults_network_barrier, v_misc_9,
          nicolae_vaults_rhombus_5, layout_vaults_maze_snakey
Vaults:4: hangedman_vaults_hard_town_square, nicolae_vaults_border_crossing,
          v_misc_15, hangedman_vaults_hat, ontoclasm_vaults_eye,
          hangedman_vaults_snaps, vaults_room_door_ring,
          dpeg_vaults_monster_row, hangedman_vaults_nodes, v_misc_16,
          ontoclasm_vaults_pinch, vaults_room_fancy_cross,
          nicolae_vaults_asterisk, layout_vaults_omnibox
Vaults:5: serial_shops, uniq_frederick, uniq_boris
Depths:1: layout_cave_pools, minmay_misc_feat_five, pf_coc_iceberg,
          kennysheep_generic_room_8, serial_bayou_shore_b
Depths:2: hangedman_box_tower, layout_gridville, enter_ziggurat_a,
          cheibriados_altar_1, pf_hell_entry_tar_spiral, rand_demon_pan_entry_3,
          lightli_giant_bouncers
Depths:3: lemuel_troll_bridge, layout_gridlike, infiniplex_staircase_pool_2,
          pf_vacation_house_of_asmodeus, mu_enter_wizlab_6,
          grunt_pan_entry_zigzag, abyss_entry_small_statue_room, serial_glass,
          glass_columns_a, glass_columns_a, lemuel_freeze_loot_1, uniq_grunn
Depths:4: grunt_zot_entry_bicorn, layout_basic, minmay_misc_feat_tiny,
          grunt_hell_horde, serial_rivers, chequers_serial_rivers_room_b,
          chequers_serial_rivers_small_b, chequers_serial_rivers_room_b,
          chequers_serial_rivers_large_a, chequers_serial_rivers_small_3,
          minmay_misc_feat_hallway, nicolae_sif_muna_condensation

Skill      XL: |  1  2  3  4  5  6  7  8  9 10 11 12 13 14 15 16 17 18 19 20 21 22 23 |
---------------+----------------------------------------------------------------------+-----
Dodging        | 2 3 5 |  5.5
Fighting       | 2 3 4 5 6 7 8 9 10 11 12 13 14 15 16 | 16.9
Unarmed Combat | 3 4 6 7 8 10 11 13 14 16 17 18 19 20 21 22 23 24 25 | 25.0
Armour         | 2 4 5 6 7 9 10 11 12 13 14 15 16 | 16.8
Invocations    | 1 2 3 4 6 |  6.6
Maces & Flails | 3 4 |  4.2
Shields        | 3 6 9 11 12 14 15 17 18 19 21 | 21.4
Throwing       | |  0.8
Spellcasting   | |  1.2
Translocations | |  2.5

Action                   |  1- 3 |  4- 6 |  7- 9 | 10-12 | 13-15 | 16-18 | 19-21 | 22-24 || total
-------------------------+-------+-------+-------+-------+-------+-------+-------+-------++-------
Melee: Unarmed           |   112 |   142 |   239 |   411 |  1050 |  1543 |  1540 |  1218 ||  6255
       Punch             |     2 |     2 |     4 |    37 |     8 |       |       |       ||    53
       Kick              |       |       |    39 |    94 |    77 |   504 |   540 |   471 ||  1725
       Morningstar       |       |       |       |     5 |    47 |       |       |       ||    52
Throw: Boomerang         |     2 |       |       |       |       |     3 |       |       ||     5
       Throwing net      |       |       |       |       |       |     2 |       |       ||     2
       Javelin           |       |       |       |       |       |     1 |       |       ||     1
       Large rock        |       |       |       |       |       |     1 |       |       ||     1
Invok: Heroism           |       |     4 |    13 |    35 |    62 |    55 |    43 |    10 ||   222
       Finesse           |       |       |     1 |     3 |    12 |     4 |     3 |     1 ||    24
       Duel              |       |       |       |       |       |     1 |       |     1 ||     2
       Slouch            |       |       |       |       |       |       |       |     1 ||     1
Evoke: Wand              |       |       |       |       |       |     2 |     2 |     2 ||     6
  Use: Scroll            |     4 |     8 |    13 |     2 |    14 |    19 |    12 |     7 ||    79
       Potion            |       |     1 |     3 |     2 |     7 |    15 |     9 |     5 ||    42
 Stab: Sleeping          |     1 |       |       |       |       |       |       |       ||     1
       Invisible         |       |       |       |       |       |     3 |       |       ||     3
       Petrifying        |       |       |       |       |       |       |     1 |       ||     1
Armor: Robe              |    43 |       |       |       |       |       |       |       ||    43
       Gold dragon scale |    20 |   127 |   159 |   310 |   594 |  1285 |   518 |   429 ||  3442
       Fire dragon scale |       |       |       |       |    41 |       |       |       ||    41
       Ice dragon scales |       |       |       |       |    38 |       |       |       ||    38
Dodge: Dodged            |    54 |     3 |    18 |    72 |   150 |   290 |   183 |   170 ||   940
       Repelled          |       |       |       |       |       |     3 |     8 |     9 ||    20
Block: Tower shield      |       |       |       |       |   818 |  1889 |  1364 |  1475 ||  5546
       Reflection        |       |       |       |       |       |       |       |    18 ||    18

Table legend: (Time is in decaauts)
 A = Elapsed time spent in this place.
 B = Non-inter-level travel time spent in this place.
 C = Inter-level travel time spent in this place.
 D = Time resting spent in this place.
 E = Time spent auto-exploring this place.
 F = Levels seen in this place.
 G = Mean time per level.
                   A        B        C        D        E       F      G
               +--------+--------+--------+--------+--------+-----+--------+
         Total |  56357 |  49763 |   6594 |   5796 |  30462 |  51 | 1105.0 |
       Dungeon |  17917 |  15315 |   2602 |   1076 |  10744 |  15 | 1194.5 |
          Lair |   6223 |   5251 |    972 |    161 |   4155 |   5 | 1244.6 |
         Swamp |   4393 |   4065 |    328 |    864 |   1631 |   4 | 1098.2 |
   Spider Nest |   5599 |   5065 |    534 |    960 |   2648 |   4 | 1399.8 |
    Slime Pits |     12 |     12 |      0 |      0 |      0 |   1 |   12.0 |
  Orcish Mines |   2170 |   1892 |    278 |    385 |    966 |   2 | 1085.0 |
   Elven Halls |   4161 |   3439 |    722 |    379 |   1817 |   3 | 1387.0 |
        Vaults |   6675 |   6044 |    631 |    878 |   3599 |   5 | 1335.0 |
        Depths |   7586 |   7064 |    522 |    941 |   4408 |   4 | 1896.5 |
         Abyss |    538 |    538 |      0 |     79 |    246 |   4 |  134.5 |
      Ice Cave |    473 |    473 |      0 |      0 |    201 |   1 |  473.0 |
        Wizlab |    564 |    564 |      0 |     57 |     46 |   1 |  564.0 |
         Arena |     40 |     40 |      0 |     13 |      0 |   2 |   20.0 |
               +--------+--------+--------+--------+--------+-----+--------+

Top non-repeatable levels by time:
Depths:3: 2492 daAuts
Depths:2: 2145 daAuts
Vaults:1: 1991 daAuts
Depths:4: 1947 daAuts
   Elf:3: 1722 daAuts
 Swamp:4: 1716 daAuts
   Orc:2: 1691 daAuts
  Lair:2: 1638 daAuts
    D:14: 1629 daAuts
Vaults:3: 1569 daAuts
Vaults:2: 1561 daAuts
Vaults:4: 1551 daAuts
   Elf:2: 1551 daAuts
Spider:1: 1527 daAuts
Spider:3: 1521 daAuts
